Blackhawks vs Maroons

Created - 30 septembre 2019 at 18:18

Simulating a Pre-Season

Goals
1 2 3 T
Blackhawks 2 0 0 2
Maroons 0 4 1 5
Shots
1 2 3 T
Blackhawks 11 9 11 31
Maroons 13 22 9 44

1st period

1. Blackhawks , Yanni Gourde 5 (Vladislav Namestnikov 4) at 7:30
2. Blackhawks , Yanni Gourde 6 (Andy Greene 5) at 17:01

Penalties :
Cal Clutterbuck (MON) for Tripping (Minor) at 10:34

2nd period

3. Maroons , Cal Clutterbuck 2 (Pierre-Luc Dubois 5, Bryan Rust 1) at 11:51
4. Maroons , Jay Beagle 2 (Nick Schmaltz 6, Alexander Kerfoot 1) at 14:12
5. Maroons , Cal Clutterbuck 3 (Esa Lindell 2, Pierre-Luc Dubois 6) at 17:27
6. Maroons , Bryan Rust 2 (Ryan McDonagh 4, Esa Lindell 3) at 17:40

Penalties :
Gavin Bayreuther (CHI) for Tripping (Minor) at 0:37, Gavin Bayreuther (CHI) for Roughing (Minor) at 6:34

3rd period

7. Maroons , Pierre-Luc Dubois 4 (Bryan Rust 2) at 2:42

Penalties :
Cam Atkinson (CHI) for Interference (Minor) at 2:47, Cal Clutterbuck (MON) for Holding (Minor) at 15:05

Goalie Stats

Frederik Andersen (CHI), 39 saves from 44 shots - (0,886), L, 5-4-0, 60:00 minutes
John Gibson (MON), 29 saves from 31 shots - (0,935), W, 5-3-2, 60:00 minutes

Players Stats for Blackhawks

Player Name              G  A  P  +/- PIM S  H  SB GA TA FO     MP     PP MP  PK MP  
------------------------------------------------------------------------------------
Alex Steen               0  0  0  -1  0   0  0  1  0  0  0/0    15:21   1:48   0:42 
Andrew Shaw              0  0  0  -1  0   4  4  0  0  1  1/2    14:37   1:48   0:00 
Andy Greene              0  1  1  -1  0   0  1  0  0  3  0/0    28:52   2:06   3:04 
Brandon Davidson         0  0  0  -1  0   0  1  0  0  0  0/0     8:19   0:00   0:01 
Brett Connolly           0  0  0   0  0   6  1  1  0  0  0/0    12:22   0:00   1:11 
Brock McGinn             0  0  0   0  0   0  0  0  0  0  0/0     0:00   0:00   0:00 
Cam Atkinson             0  0  0  -2  2   4  2  1  2  1  1/2    22:00   2:10   2:25 
Carl Hagelin             0  0  0   0  0   0  0  0  0  0  0/0     7:18   0:00   0:00 
Derek Forbort            0  0  0  -1  0   1  0  2  0  0  0/0    22:55   1:52   3:09 
Eric Staal               0  0  0  -2  0   2  2  1  1  2  11/32  22:07   2:10   1:12 
Gavin Bayreuther         0  0  0  -1  4   3  2  3  0  0  0/0    19:04   1:52   0:49 
Luke Kunin               0  0  0   0  0   0  1  0  2  0  2/4     8:17   0:00   0:39 
Markus Nutivaara         0  0  0  -1  0   1  0  0  0  2  0/0    15:04   0:00   2:04 
Mikael Backlund          0  0  0  -1  0   2  1  0  1  2  6/12   17:10   1:48   1:12 
Niklas Hjalmarsson       0  0  0  -1  0   1  2  3  1  3  0/0    27:13   2:06   2:47 
Seth Griffith            0  0  0   0  0   0  0  0  0  0  0/0     0:00   0:00   0:00 
Tyler Bertuzzi           0  0  0   0  0   2  0  0  0  0  0/0     7:18   0:00   0:00 
Vladislav Namestnikov    0  1  1   0  0   1  2  0  0  0  3/11   12:06   0:00   1:08 
Yanni Gourde             2  0  2   0  0   3  3  0  0  0  0/1    10:58   0:00   0:00 
Zach Parise              0  0  0  -2  0   1  2  0  1  0  6/10   22:59   2:10   3:25 

Players Stats for Maroons

Player Name              G  A  P  +/- PIM S  H  SB GA TA FO     MP     PP MP  PK MP  
------------------------------------------------------------------------------------
Alexander Kerfoot        0  1  1   1  0   3  2  0  1  0  0/0    17:40   2:23   1:42 
Andy Andreoff            0  0  0   0  0   1  2  0  0  0  5/5     7:17   0:00   0:09 
Bryan Rust               1  2  3   3  0   6  0  0  4  0  0/1    22:13   2:15   1:06 
Buddy Robinson           0  0  0   0  0   1  0  0  0  0  0/0     6:06   0:00   0:00 
Cal Clutterbuck          2  0  2   3  4   5  1  1  3  1  2/4    21:05   2:15   0:00 
Carl Gunnarsson          0  0  0   0  0   0  0  1  0  1  0/0    11:31   0:10   0:00 
Esa Lindell              0  2  2   2  0   3  5  0  1  1  0/0    28:44   3:51   2:11 
Frederik Gauthier        0  0  0  -1  0   0  2  0  0  2  5/10   10:11   0:00   0:00 
Jay Beagle               1  0  1   1  0   3  1  0  0  0  8/14   16:01   2:23   0:03 
Nick Ritchie             0  0  0  -1  0   5  1  0  0  0  0/1    12:51   1:19   0:00 
Nick Schmaltz            0  1  1   1  0   5  3  0  1  0  1/2    17:26   2:23   1:26 
Noah Juulsen             0  0  0   1  0   3  1  0  0  1  0/0    19:49   2:00   1:47 
Pierre-Luc Dubois        1  2  3   3  0   3  2  0  2  0  23/37  22:03   2:15   2:01 
Pontus Aberg             0  0  0   0  0   2  1  0  0  1  0/0    10:15   1:19   1:29 
Rasmus Sandin            0  0  0   0  0   1  0  2  0  0  0/0    11:21   0:00   0:00 
Ryan McDonagh            0  1  1   2  0   0  1  2  1  1  0/0    28:44   3:51   2:11 
Torey Krug               0  0  0   1  0   2  1  0  0  0  0/0    19:51   2:02   1:47 
Zack Kassian             0  0  0  -1  0   1  1  0  1  0  0/0    12:51   1:19   0:00 

3 Stars

1 - Pierre-Luc Dubois (MON)
2 - Bryan Rust (MON)
3 - Esa Lindell (MON)

Power Play

Blackhawks - 0 on 3 Attempt(s) - 0,00%
Maroons - 0 on 2 Attempt(s) - 0,00%

Penalty Kill

Blackhawks - 2 on 2 Attempt(s) - 100,00% - Score 0 goal in Penalty Kill
Maroons - 3 on 3 Attempt(s) - 100,00% - Score 0 goal in Penalty Kill

Team Stat

Blackhawks - Hits : 24 - Faceoff Wins : 30 - Blocked Shots : 12 - Penalty Minutes : 6
Maroons - Hits : 24 - Faceoff Wins : 44 - Blocked Shots : 6 - Penalty Minutes : 4

Official

Referees : Dennis LaRue and Ian Walsh
Linesman : David Brisebois and Pierre Racicot

Game Notes

2:30 of 3rd period - Penalty Shot by Noah Juulsen for Maroons - Stopped by Frederik Andersen
Brandon Davidson is injured at 5:20 of 3rd period (Right Knee)

Blackhawks

5 vs 5 Forward 
   Center                   Left Wing                Right Wing               Time % Phy DF OF 
 1 Eric Staal               Zach Parise              Cam Atkinson             40     1   2  2  
 2 Mikael Backlund          Alex Steen               Andrew Shaw              30     1   2  2  
 3 Vladislav Namestnikov    Yanni Gourde             Brett Connolly           20     1   2  2  
 4 Luke Kunin               Tyler Bertuzzi           Carl Hagelin             10     1   2  2  

5 vs 5 Defense 
   Defense                  Defense                                           Time % Phy DF OF 
 1 Andy Greene              Niklas Hjalmarsson                                40     1   2  2  
 2 Derek Forbort            Gavin Bayreuther                                  30     1   2  2  
 3 Brandon Davidson         Markus Nutivaara                                  20     1   2  2  
 4 Andy Greene              Niklas Hjalmarsson                                10     1   2  2  

PowerPlay Forward 
   Center                   Left Wing                Right Wing               Time % Phy DF OF 
 1 Eric Staal               Zach Parise              Cam Atkinson             60     1   2  2  
 2 Mikael Backlund          Alex Steen               Andrew Shaw              40     1   2  2  

PowerPlay Defense
   Defense                  Defense                                           Time % Phy DF OF 
 1 Andy Greene              Niklas Hjalmarsson                                60     1   2  2  
 2 Derek Forbort            Gavin Bayreuther                                  40     1   2  2  

Penalty Kill 4 Players Forward 
   Center                   Wing                     Time % Phy DF OF 
 1 Zach Parise              Cam Atkinson             60     1   2  2  
 2 Eric Staal               Mikael Backlund          40     1   2  2  

Penalty Kill 4 Players Defense
   Defense                  Defense                  Time % Phy DF OF 
 1 Andy Greene              Niklas Hjalmarsson       60     1   2  2  
 2 Derek Forbort            Gavin Bayreuther         40     1   2  2  

Penalty Kill - 3 Players Forward 
   Forward                                           Time % Phy DF OF 
 1 Zach Parise                                       60     1   2  2  
 2 Cam Atkinson                                      40     1   2  2  

Penalty Kill - 3 Players Defense
   Defense                  Defense                  Time % Phy DF OF 
 1 Andy Greene              Niklas Hjalmarsson       60     1   2  2  
 2 Derek Forbort            Gavin Bayreuther         40     1   2  2  

4 vs 4 Forward 
   Center                   Wing                     Time % Phy DF OF 
 1 Zach Parise              Cam Atkinson             60     1   2  2  
 2 Eric Staal               Mikael Backlund          40     1   2  2  

4 vs 4 Defense
   Defense                  Defense                  Time % Phy DF OF 
 1 Andy Greene              Niklas Hjalmarsson       60     1   2  2  
 2 Derek Forbort            Gavin Bayreuther         40     1   2  2  

Last Minutes Offensive
   Center                   Left Wing                Right Wing               Defense                  Defense                  
   Eric Staal               Zach Parise              Cam Atkinson             Andy Greene              Niklas Hjalmarsson       

Last Minutes Defensive
   Center                   Left Wing                Right Wing               Defense                  Defense                  
   Eric Staal               Zach Parise              Cam Atkinson             Andy Greene              Niklas Hjalmarsson       

Goaltenders
Starting : Frederik Andersen        
Backup : David Rittich            

Extra Forwards
Normal : Brock McGinn, Seth Griffith, Vladislav Namestnikov - PP : Brock McGinn, Seth Griffith - PK : Vladislav Namestnikov
Extra Defensemen
Normal : Brandon Davidson, Markus Nutivaara, Derek Forbort - PP : Brandon Davidson - PK : Markus Nutivaara, Derek Forbort
Penalty Shots
Zach Parise, Cam Atkinson, Eric Staal, Mikael Backlund, Alex Steen
Custom OT Lines Forwards
Zach Parise, Cam Atkinson, Eric Staal, Mikael Backlund, Alex Steen, Andrew Shaw, Vladislav Namestnikov, Yanni Gourde, Tyler Bertuzzi, Brett Connolly
Custom OT Lines Defensemen
Andy Greene, Niklas Hjalmarsson, Derek Forbort, Gavin Bayreuther, Brandon Davidson

Scratches
Sven Andrighetto (Healthy)

Maroons

5 vs 5 Forward 
   Center                   Left Wing                Right Wing               Time % Phy DF OF 
 1 Pierre-Luc Dubois        Cal Clutterbuck          Bryan Rust               40     1   2  2  
 2 Jay Beagle               Nick Schmaltz            Alexander Kerfoot        30     1   2  2  
 3 Frederik Gauthier        Nick Ritchie             Zack Kassian             20     1   2  2  
 4 Andy Andreoff            Pontus Aberg             Buddy Robinson           10     1   2  2  

5 vs 5 Defense 
   Defense                  Defense                                           Time % Phy DF OF 
 1 Esa Lindell              Ryan McDonagh                                     40     1   2  2  
 2 Torey Krug               Noah Juulsen                                      30     1   2  2  
 3 Carl Gunnarsson          Rasmus Sandin                                     20     1   2  2  
 4 Esa Lindell              Ryan McDonagh                                     10     1   2  2  

PowerPlay Forward 
   Center                   Left Wing                Right Wing               Time % Phy DF OF 
 1 Pierre-Luc Dubois        Cal Clutterbuck          Bryan Rust               60     1   2  2  
 2 Jay Beagle               Nick Schmaltz            Alexander Kerfoot        40     1   2  2  

PowerPlay Defense
   Defense                  Defense                                           Time % Phy DF OF 
 1 Esa Lindell              Ryan McDonagh                                     60     1   2  2  
 2 Torey Krug               Noah Juulsen                                      40     1   2  2  

Penalty Kill 4 Players Forward 
   Center                   Wing                     Time % Phy DF OF 
 1 Pierre-Luc Dubois        Cal Clutterbuck          60     1   2  2  
 2 Bryan Rust               Jay Beagle               40     1   2  2  

Penalty Kill 4 Players Defense
   Defense                  Defense                  Time % Phy DF OF 
 1 Esa Lindell              Ryan McDonagh            60     1   2  2  
 2 Torey Krug               Noah Juulsen             40     1   2  2  

Penalty Kill - 3 Players Forward 
   Forward                                           Time % Phy DF OF 
 1 Pierre-Luc Dubois                                 60     1   2  2  
 2 Cal Clutterbuck                                   40     1   2  2  

Penalty Kill - 3 Players Defense
   Defense                  Defense                  Time % Phy DF OF 
 1 Esa Lindell              Ryan McDonagh            60     1   2  2  
 2 Torey Krug               Noah Juulsen             40     1   2  2  

4 vs 4 Forward 
   Center                   Wing                     Time % Phy DF OF 
 1 Pierre-Luc Dubois        Cal Clutterbuck          60     1   2  2  
 2 Bryan Rust               Jay Beagle               40     1   2  2  

4 vs 4 Defense
   Defense                  Defense                  Time % Phy DF OF 
 1 Esa Lindell              Ryan McDonagh            60     1   2  2  
 2 Torey Krug               Noah Juulsen             40     1   2  2  

Last Minutes Offensive
   Center                   Left Wing                Right Wing               Defense                  Defense                  
   Pierre-Luc Dubois        Cal Clutterbuck          Bryan Rust               Esa Lindell              Ryan McDonagh            

Last Minutes Defensive
   Center                   Left Wing                Right Wing               Defense                  Defense                  
   Pierre-Luc Dubois        Cal Clutterbuck          Bryan Rust               Esa Lindell              Ryan McDonagh            

Goaltenders
Starting : John Gibson              
Backup : Cam Ward                 

Extra Forwards
Normal : Nick Ritchie, Zack Kassian, Pontus Aberg - PP : Nick Ritchie, Zack Kassian - PK : Pontus Aberg
Extra Defensemen
Normal : Carl Gunnarsson, Rasmus Sandin, Torey Krug - PP : Carl Gunnarsson - PK : Rasmus Sandin, Torey Krug
Penalty Shots
Pierre-Luc Dubois, Cal Clutterbuck, Bryan Rust, Jay Beagle, Nick Schmaltz
Custom OT Lines Forwards
Pierre-Luc Dubois, Cal Clutterbuck, Bryan Rust, Jay Beagle, Nick Schmaltz, Alexander Kerfoot, Nick Ritchie, Zack Kassian, Pontus Aberg, Buddy Robinson
Custom OT Lines Defensemen
Esa Lindell, Ryan McDonagh, Torey Krug, Noah Juulsen, Carl Gunnarsson

Scratches
Brendan Gallagher (Healthy), Bo Horvat (Healthy), Matthew Tkachuk (Healthy), Jacob Trouba (Exhaustion), Tobias Rieder (Healthy)

% Time on Ice - Blackhawks

Lines # - Real PCT - Wanted PCT - Time Play
Normal Forward
1 - 35% - 40% - 17:39
2 - 28% - 30% - 14:10
3 - 22% - 20% - 10:58
4 - 15% - 10% - 7:18
Normal Defense
1 - 36% - 40% - 18:15
2 - 31% - 30% - 15:44
3 - 27% - 20% - 13:24
4 - 5% - 10% - 2:42
PP Forward
1 - 55% - 60% - 2:10
2 - 45% - 40% - 1:48
PP Defense
1 - 53% - 60% - 2:06
2 - 47% - 40% - 1:52
PK Forward
1 - 80% - 60% - 4:45
2 - 20% - 40% - 1:12
PK Defense
1 - 47% - 60% - 2:47
2 - 53% - 40% - 3:10
PK3 Forward
1 - 0% - 60%
2 - 0% - 40%
PK3 Defense
1 - 0% - 60%
2 - 0% - 40%
44 Forward
1 - 0% - 60%
2 - 0% - 40%
44 Defense
1 - 0% - 60%
2 - 0% - 40%
Last Minute Offensive  - 0:00
Last Minute Defensive  - 0:00
Total
Forward - 60:00
Defense - 60:00

% Time on Ice - Maroons

Lines # - Real PCT - Wanted PCT - Time Play
Normal Forward
1 - 38% - 40% - 18:52
2 - 30% - 30% - 14:56
3 - 20% - 20% - 10:11
4 - 12% - 10% - 6:06
Normal Defense
1 - 41% - 40% - 20:33
2 - 32% - 30% - 16:02
3 - 23% - 20% - 11:21
4 - 4% - 10% - 2:09
PP Forward
1 - 38% - 60% - 2:15
2 - 62% - 40% - 3:42
PP Defense
1 - 66% - 60% - 3:57
2 - 34% - 40% - 2:00
PK Forward
1 - 99% - 60% - 3:55
2 - 1% - 40% - 0:03
PK Defense
1 - 55% - 60% - 2:11
2 - 45% - 40% - 1:47
PK3 Forward
1 - 0% - 60%
2 - 0% - 40%
PK3 Defense
1 - 0% - 60%
2 - 0% - 40%
44 Forward
1 - 0% - 60%
2 - 0% - 40%
44 Defense
1 - 0% - 60%
2 - 0% - 40%
Last Minute Offensive  - 0:00
Last Minute Defensive  - 0:00
Total
Forward - 60:00
Defense - 60:00

Play-by-Play

1st period


0:01 of 1st period - Eric Staal wins face-off versus Cal Clutterbuck in neutral zone.
0:25 of 1st period - Nick Schmaltz is hit by Niklas Hjalmarsson and loses puck.
0:34 of 1st period - Wrist shot by Mikael Backlund.
0:34 of 1st period - Stopped by John Gibson without a rebound.
0:35 of 1st period - Frederik Gauthier wins face-off versus Vladislav Namestnikov in Maroons zone.
0:35 of 1st period - Frederik Gauthier is hit by Vladislav Namestnikov.
0:38 of 1st period - Icing by Nick Ritchie.
0:39 of 1st period - Frederik Gauthier wins face-off versus Vladislav Namestnikov in Maroons zone.
1:09 of 1st period - Snap shot by Tyler Bertuzzi.
1:09 of 1st period - Deflect By Carl Hagelin.
1:09 of 1st period - Shot Misses the Net.
1:09 of 1st period - Puck is out of play.
1:10 of 1st period - Luke Kunin wins face-off versus Pierre-Luc Dubois in Maroons zone.
1:11 of 1st period - Wrist shot by Tyler Bertuzzi.
1:11 of 1st period - Stopped by John Gibson with a rebound.
1:23 of 1st period - Wrist shot by Pierre-Luc Dubois.
1:23 of 1st period - Shot Misses the Net.
1:37 of 1st period - Alexander Kerfoot is hit by Eric Staal.
2:01 of 1st period - Wrist shot by Pontus Aberg.
2:01 of 1st period - Shot Blocked by Gavin Bayreuther.
2:03 of 1st period - Snap shot by Andy Andreoff.
2:03 of 1st period - Shot Blocked by Derek Forbort.
2:05 of 1st period - Slapshot by Buddy Robinson.
2:05 of 1st period - Shot Misses the Net.
2:21 of 1st period - Snap shot by Nick Ritchie.
2:21 of 1st period - Stopped by Frederik Andersen with a rebound.
2:35 of 1st period - Wrist shot by Zach Parise.
2:35 of 1st period - Deflect By Ryan McDonagh.
2:35 of 1st period - Stopped by John Gibson with a rebound.
2:37 of 1st period - Slapshot by Derek Forbort.
2:37 of 1st period - Stopped by John Gibson with a rebound.
3:01 of 1st period - Snap shot by Alexander Kerfoot.
3:01 of 1st period - Stopped by Frederik Andersen without a rebound.
3:02 of 1st period - Zach Parise wins face-off versus Pierre-Luc Dubois in Blackhawks zone.
3:56 of 1st period - Brandon Davidson is hit by Zack Kassian.
4:10 of 1st period - Tyler Bertuzzi is hit by Andy Andreoff and loses puck.
4:50 of 1st period - Off-side.
4:51 of 1st period - Nick Schmaltz wins face-off versus Eric Staal in neutral zone.
5:17 of 1st period - Alex Steen is hit by Esa Lindell and loses puck.
6:25 of 1st period - Snap shot by Pierre-Luc Dubois.
6:25 of 1st period - Shot Blocked by Gavin Bayreuther.
6:33 of 1st period - Ryan McDonagh is hit by Zach Parise.
6:37 of 1st period - Snap shot by Bryan Rust.
6:37 of 1st period - Stopped by Frederik Andersen with a rebound.
7:15 of 1st period - Backhand shot by Andrew Shaw.
7:15 of 1st period - Stopped by John Gibson with a rebound.
7:17 of 1st period - Wrist shot by Andrew Shaw.
7:17 of 1st period - Deflect By Nick Ritchie.
7:17 of 1st period - Shot Misses the Net.
7:17 of 1st period - Puck is out of play.
7:18 of 1st period - Pierre-Luc Dubois wins face-off versus Vladislav Namestnikov in Maroons zone.
7:24 of 1st period - Off-side.
7:25 of 1st period - Vladislav Namestnikov wins face-off versus Pierre-Luc Dubois in neutral zone.
7:30 of 1st period - Snap shot by Yanni Gourde.
7:30 of 1st period - Goal by Yanni Gourde - Blackhawks : 1 - Maroons : 0.
7:31 of 1st period - Pierre-Luc Dubois wins face-off versus Mikael Backlund in neutral zone.
7:46 of 1st period - Snap shot by Mikael Backlund.
7:46 of 1st period - Shot Misses the Net.
7:56 of 1st period - Zach Parise is hit by Jay Beagle and loses puck.
8:07 of 1st period - Slapshot by Alexander Kerfoot.
8:07 of 1st period - Shot Misses the Net.
8:09 of 1st period - Snap shot by Noah Juulsen.
8:09 of 1st period - Stopped by Frederik Andersen without a rebound.
8:10 of 1st period - Andrew Shaw wins face-off versus Frederik Gauthier in Blackhawks zone.
8:39 of 1st period - Off-side.
8:40 of 1st period - Vladislav Namestnikov wins face-off versus Pierre-Luc Dubois in neutral zone.
8:43 of 1st period - Snap shot by Brett Connolly.
8:43 of 1st period - Stopped by John Gibson with a rebound.
8:55 of 1st period - Snap shot by Bryan Rust.
8:55 of 1st period - Stopped by Frederik Andersen without a rebound.
8:56 of 1st period - Jay Beagle wins face-off versus Eric Staal in Blackhawks zone.
10:02 of 1st period - Icing by Brett Connolly.
10:03 of 1st period - Andy Andreoff wins face-off versus Vladislav Namestnikov in Blackhawks zone.
10:32 of 1st period - Snap shot by Eric Staal.
10:32 of 1st period - Shot Misses the Net.
10:34 of 1st period - Minor Penalty to Cal Clutterbuck for Tripping.
10:35 of 1st period - Pierre-Luc Dubois wins face-off versus Eric Staal in Maroons zone.
12:24 of 1st period - Cam Atkinson is hit by Noah Juulsen and loses puck.
12:34 of 1st period - Penalty to Cal Clutterbuck is over, Cal Clutterbuck is back on ice.
13:01 of 1st period - Snap shot by Pontus Aberg.
13:01 of 1st period - Shot Misses the Net.
13:03 of 1st period - Snap shot by Ryan McDonagh.
13:03 of 1st period - Deflect By Pontus Aberg.
13:03 of 1st period - Shot Misses the Net.
13:03 of 1st period - Puck is out of play.
13:04 of 1st period - Andy Andreoff wins face-off versus Vladislav Namestnikov in Blackhawks zone.
13:09 of 1st period - Snap shot by Pontus Aberg.
13:09 of 1st period - Stopped by Frederik Andersen with a rebound.
13:11 of 1st period - Slapshot by Noah Juulsen.
13:11 of 1st period - Stopped by Frederik Andersen without a rebound.
13:12 of 1st period - Pierre-Luc Dubois wins face-off versus Mikael Backlund in Blackhawks zone.
13:41 of 1st period - Niklas Hjalmarsson is hit by Alexander Kerfoot and loses puck.
14:08 of 1st period - Snap shot by Tyler Bertuzzi.
14:08 of 1st period - Shot Misses the Net.
14:32 of 1st period - Snap shot by Pontus Aberg.
14:32 of 1st period - Stopped by Frederik Andersen without a rebound.
14:33 of 1st period - Pierre-Luc Dubois wins face-off versus Eric Staal in Blackhawks zone.
14:42 of 1st period - Wrist shot by Pierre-Luc Dubois.
14:42 of 1st period - Shot Misses the Net.
15:07 of 1st period - Off-side.
15:08 of 1st period - Jay Beagle wins face-off versus Andrew Shaw in neutral zone.
15:41 of 1st period - Off-side.
15:42 of 1st period - Pierre-Luc Dubois wins face-off versus Eric Staal in neutral zone.
16:03 of 1st period - Gavin Bayreuther is hit by Pierre-Luc Dubois and loses puck.
16:24 of 1st period - Snap shot by Cal Clutterbuck.
16:24 of 1st period - Stopped by Frederik Andersen without a rebound.
16:25 of 1st period - Mikael Backlund wins face-off versus Jay Beagle in Blackhawks zone.
16:36 of 1st period - Wrist shot by Alexander Kerfoot.
16:36 of 1st period - Stopped by Frederik Andersen with a rebound.
16:38 of 1st period - Slapshot by Nick Schmaltz.
16:38 of 1st period - Stopped by Frederik Andersen with a rebound.
16:40 of 1st period - Snap shot by Nick Schmaltz.
16:40 of 1st period - Shot Blocked by Niklas Hjalmarsson.
16:50 of 1st period - Nick Ritchie is hit by Vladislav Namestnikov and loses puck.
17:01 of 1st period - Snap shot by Yanni Gourde.
17:01 of 1st period - Goal by Yanni Gourde - Blackhawks : 2 - Maroons : 0.
17:02 of 1st period - Eric Staal wins face-off versus Pierre-Luc Dubois in neutral zone.
17:07 of 1st period - Snap shot by Eric Staal.
17:07 of 1st period - Stopped by John Gibson without a rebound.
17:08 of 1st period - Eric Staal wins face-off versus Pierre-Luc Dubois in Maroons zone.
17:11 of 1st period - Wrist shot by Eric Staal.
17:11 of 1st period - Deflect By Cam Atkinson.
17:11 of 1st period - Stopped by John Gibson without a rebound.
17:12 of 1st period - Pierre-Luc Dubois wins face-off versus Eric Staal in Maroons zone.
17:22 of 1st period - Ryan McDonagh is hit by Zach Parise and loses puck.
17:57 of 1st period - Wrist shot by Cal Clutterbuck.
17:57 of 1st period - Stopped by Frederik Andersen without a rebound.
17:58 of 1st period - Jay Beagle wins face-off versus Mikael Backlund in Blackhawks zone.
18:13 of 1st period - Snap shot by Nick Schmaltz.
18:13 of 1st period - Stopped by Frederik Andersen with a rebound.
18:23 of 1st period - Rasmus Sandin is hit by Brandon Davidson and loses puck.
18:28 of 1st period - Snap shot by Yanni Gourde.
18:28 of 1st period - Shot Misses the Net.
18:30 of 1st period - Wrist shot by Brett Connolly.
18:30 of 1st period - Stopped by John Gibson without a rebound.
18:31 of 1st period - Luke Kunin wins face-off versus Jay Beagle in Maroons zone.
18:40 of 1st period - Wrist shot by Luke Kunin.
18:40 of 1st period - Shot Misses the Net.
18:56 of 1st period - Mikael Backlund is hit by Esa Lindell and loses puck.
19:28 of 1st period - Zack Kassian is hit by Andy Greene and loses puck.
19:42 of 1st period - Off-side.
19:43 of 1st period - Andy Andreoff wins face-off versus Vladislav Namestnikov in neutral zone.
Goals for this period are 2 for Blackhawks vs 0 for Maroons.
Shots for this period are 11 for Blackhawks vs 13 for Maroons.

2nd period


0:01 of 2nd period - Pierre-Luc Dubois wins face-off versus Eric Staal in neutral zone.
0:37 of 2nd period - Minor Penalty to Gavin Bayreuther for Tripping.
0:38 of 2nd period - Zach Parise wins face-off versus Pierre-Luc Dubois in Blackhawks zone.
0:46 of 2nd period - Snap shot by Pierre-Luc Dubois.
0:46 of 2nd period - Shot Misses the Net.
0:48 of 2nd period - Wrist shot by Pierre-Luc Dubois.
0:48 of 2nd period - Shot Misses the Net.
0:50 of 2nd period - Wrist shot by Bryan Rust.
0:50 of 2nd period - Stopped by Frederik Andersen with a rebound.
0:52 of 2nd period - Slapshot by Esa Lindell.
0:52 of 2nd period - Stopped by Frederik Andersen without a rebound.
0:53 of 2nd period - Zach Parise wins face-off versus Pierre-Luc Dubois in Blackhawks zone.
1:08 of 2nd period - Snap shot by Cam Atkinson.
1:08 of 2nd period - Stopped by John Gibson with a rebound.
2:37 of 2nd period - Penalty to Gavin Bayreuther is over, Gavin Bayreuther is back on ice.
2:49 of 2nd period - Slapshot by Andy Andreoff.
2:49 of 2nd period - Stopped by Frederik Andersen without a rebound.
2:50 of 2nd period - Andy Andreoff wins face-off versus Mikael Backlund in Blackhawks zone.
2:57 of 2nd period - Wrist shot by Buddy Robinson.
2:57 of 2nd period - Stopped by Frederik Andersen without a rebound.
2:58 of 2nd period - Jay Beagle wins face-off versus Mikael Backlund in Blackhawks zone.
3:03 of 2nd period - Snap shot by Alexander Kerfoot.
3:03 of 2nd period - Shot Blocked by Niklas Hjalmarsson.
3:05 of 2nd period - Slapshot by Noah Juulsen.
3:05 of 2nd period - Stopped by Frederik Andersen without a rebound.
3:06 of 2nd period - Eric Staal wins face-off versus Jay Beagle in Blackhawks zone.
3:48 of 2nd period - Esa Lindell is hit by Andrew Shaw and loses puck.
4:05 of 2nd period - Derek Forbort is hit by Esa Lindell.
4:08 of 2nd period - Off-side.
4:09 of 2nd period - Frederik Gauthier wins face-off versus Zach Parise in neutral zone.
4:16 of 2nd period - Wrist shot by Nick Ritchie.
4:16 of 2nd period - Shot Misses the Net.
4:26 of 2nd period - Snap shot by Cam Atkinson.
4:26 of 2nd period - Shot Misses the Net.
5:19 of 2nd period - Wrist shot by Pierre-Luc Dubois.
5:19 of 2nd period - Stopped by Frederik Andersen with a rebound.
6:23 of 2nd period - Slapshot by Pierre-Luc Dubois.
6:23 of 2nd period - Deflect By Cal Clutterbuck.
6:23 of 2nd period - Shot Blocked by Brett Connolly.
6:23 of 2nd period - Puck is out of play.
6:24 of 2nd period - Eric Staal wins face-off versus Nick Schmaltz in Blackhawks zone.
6:34 of 2nd period - Minor Penalty to Gavin Bayreuther for Roughing.
6:35 of 2nd period - Zach Parise wins face-off versus Jay Beagle in Blackhawks zone.
7:11 of 2nd period - Snap shot by Mikael Backlund.
7:11 of 2nd period - Stopped by John Gibson with a rebound.
7:23 of 2nd period - Snap shot by Eric Staal.
7:23 of 2nd period - Stopped by John Gibson without a rebound.
7:24 of 2nd period - Zach Parise wins face-off versus Nick Ritchie in Maroons zone.
7:35 of 2nd period - Zach Parise is hit by Nick Ritchie and loses puck.
7:55 of 2nd period - Mikael Backlund is hit by Torey Krug and loses puck.
8:10 of 2nd period - Markus Nutivaara is hit by Pontus Aberg and loses puck.
8:15 of 2nd period - Wrist shot by Nick Ritchie.
8:15 of 2nd period - Stopped by Frederik Andersen with a rebound.
8:21 of 2nd period - Snap shot by Nick Ritchie.
8:21 of 2nd period - Shot Misses the Net.
8:34 of 2nd period - Penalty to Gavin Bayreuther is over, Gavin Bayreuther is back on ice.
9:52 of 2nd period - Slapshot by Torey Krug.
9:52 of 2nd period - Stopped by Frederik Andersen with a rebound.
9:54 of 2nd period - Wrist shot by Zack Kassian.
9:54 of 2nd period - Stopped by Frederik Andersen without a rebound.
9:55 of 2nd period - Pierre-Luc Dubois wins face-off versus Luke Kunin in Blackhawks zone.
10:58 of 2nd period - Tyler Bertuzzi is hit by Nick Schmaltz and loses puck.
11:28 of 2nd period - Luke Kunin is hit by Alexander Kerfoot and loses puck.
11:39 of 2nd period - Slapshot by Nick Schmaltz.
11:39 of 2nd period - Stopped by Frederik Andersen without a rebound.
11:40 of 2nd period - Pierre-Luc Dubois wins face-off versus Yanni Gourde in Blackhawks zone.
11:51 of 2nd period - Wrist shot by Cal Clutterbuck.
11:51 of 2nd period - Goal by Cal Clutterbuck - Blackhawks : 2 - Maroons : 1.
11:52 of 2nd period - Pierre-Luc Dubois wins face-off versus Zach Parise in neutral zone.
11:56 of 2nd period - Icing by Cam Atkinson.
11:57 of 2nd period - Pierre-Luc Dubois wins face-off versus Eric Staal in Blackhawks zone.
12:31 of 2nd period - Snap shot by Andrew Shaw.
12:31 of 2nd period - Stopped by John Gibson without a rebound.
12:32 of 2nd period - Pierre-Luc Dubois wins face-off versus Eric Staal in Maroons zone.
12:40 of 2nd period - Off-side.
12:41 of 2nd period - Pierre-Luc Dubois wins face-off versus Eric Staal in neutral zone.
13:20 of 2nd period - Wrist shot by Cam Atkinson.
13:20 of 2nd period - Shot Blocked by Rasmus Sandin.
13:24 of 2nd period - Slapshot by Cam Atkinson.
13:24 of 2nd period - Shot Misses the Net.
13:26 of 2nd period - Slapshot by Gavin Bayreuther.
13:26 of 2nd period - Stopped by John Gibson with a rebound.
13:28 of 2nd period - Wrist shot by Cam Atkinson.
13:28 of 2nd period - Shot Misses the Net.
13:30 of 2nd period - Snap shot by Gavin Bayreuther.
13:30 of 2nd period - Stopped by John Gibson without a rebound.
13:31 of 2nd period - Mikael Backlund wins face-off versus Frederik Gauthier in Maroons zone.
13:34 of 2nd period - Backhand shot by Andrew Shaw.
13:34 of 2nd period - Shot Misses the Net.
13:40 of 2nd period - Backhand shot by Andrew Shaw.
13:40 of 2nd period - Shot Blocked by Ryan McDonagh.
14:01 of 2nd period - Backhand shot by Brett Connolly.
14:01 of 2nd period - Stopped by John Gibson without a rebound.
14:02 of 2nd period - Jay Beagle wins face-off versus Vladislav Namestnikov in Maroons zone.
14:02 of 2nd period - Jay Beagle is hit by Yanni Gourde.
14:10 of 2nd period - Wrist shot by Nick Schmaltz.
14:10 of 2nd period - Shot Misses the Net.
14:12 of 2nd period - Snap shot by Jay Beagle.
14:12 of 2nd period - Goal by Jay Beagle - Blackhawks : 2 - Maroons : 2.
14:13 of 2nd period - Eric Staal wins face-off versus Pierre-Luc Dubois in neutral zone.
14:25 of 2nd period - Icing by Esa Lindell.
14:26 of 2nd period - Pierre-Luc Dubois wins face-off versus Eric Staal in Maroons zone.
14:47 of 2nd period - Snap shot by Bryan Rust.
14:47 of 2nd period - Shot Misses the Net.
15:05 of 2nd period - Backhand shot by Cal Clutterbuck.
15:05 of 2nd period - Shot Misses the Net.
15:07 of 2nd period - Backhand shot by Bryan Rust.
15:07 of 2nd period - Shot Misses the Net.
15:09 of 2nd period - Backhand shot by Cal Clutterbuck.
15:09 of 2nd period - Shot Blocked by Eric Staal.
15:11 of 2nd period - Slapshot by Ryan McDonagh.
15:11 of 2nd period - Shot Misses the Net.
15:13 of 2nd period - Slapshot by Esa Lindell.
15:13 of 2nd period - Shot Blocked by Cam Atkinson.
15:15 of 2nd period - Slapshot by Bryan Rust.
15:15 of 2nd period - Stopped by Frederik Andersen without a rebound.
15:16 of 2nd period - Mikael Backlund wins face-off versus Frederik Gauthier in Blackhawks zone.
15:21 of 2nd period - Andrew Shaw is hit by Frederik Gauthier and loses puck.
15:28 of 2nd period - Zack Kassian is hit by Andrew Shaw and loses puck.
15:43 of 2nd period - Nick Schmaltz is hit by Gavin Bayreuther and loses puck.
16:08 of 2nd period - Wrist shot by Tyler Bertuzzi.
16:08 of 2nd period - Shot Misses the Net.
16:10 of 2nd period - Slapshot by Gavin Bayreuther.
16:10 of 2nd period - Stopped by John Gibson without a rebound.
16:11 of 2nd period - Frederik Gauthier wins face-off versus Cam Atkinson in Maroons zone.
16:11 of 2nd period - Frederik Gauthier is hit by Eric Staal.
16:23 of 2nd period - Snap shot by Eric Staal.
16:23 of 2nd period - Shot Misses the Net.
16:25 of 2nd period - Snap shot by Andy Greene.
16:25 of 2nd period - Deflect By Zach Parise.
16:25 of 2nd period - Shot Hit the Post.
16:25 of 2nd period - Puck is out of play.
16:26 of 2nd period - Mikael Backlund wins face-off versus Bryan Rust in Maroons zone.
16:55 of 2nd period - Off-side.
16:56 of 2nd period - Frederik Gauthier wins face-off versus Eric Staal in neutral zone.
17:21 of 2nd period - Wrist shot by Nick Ritchie.
17:21 of 2nd period - Stopped by Frederik Andersen without a rebound.
17:22 of 2nd period - Cal Clutterbuck wins face-off versus Mikael Backlund in Blackhawks zone.
17:23 of 2nd period - Snap shot by Pierre-Luc Dubois.
17:23 of 2nd period - Shot Misses the Net.
17:25 of 2nd period - Wrist shot by Esa Lindell.
17:25 of 2nd period - Stopped by Frederik Andersen with a rebound.
17:27 of 2nd period - Snap shot by Cal Clutterbuck.
17:27 of 2nd period - Goal by Cal Clutterbuck - Blackhawks : 2 - Maroons : 3.
17:28 of 2nd period - Pierre-Luc Dubois wins face-off versus Eric Staal in neutral zone.
17:32 of 2nd period - Off-side.
17:33 of 2nd period - Pierre-Luc Dubois wins face-off versus Eric Staal in neutral zone.
17:36 of 2nd period - Slapshot by Esa Lindell.
17:36 of 2nd period - Deflect By Zach Parise.
17:36 of 2nd period - Stopped by Frederik Andersen with a rebound.
17:38 of 2nd period - Slapshot by Ryan McDonagh.
17:38 of 2nd period - Shot Misses the Net.
17:40 of 2nd period - Wrist shot by Bryan Rust.
17:40 of 2nd period - Goal by Bryan Rust - Blackhawks : 2 - Maroons : 4.
17:41 of 2nd period - Pierre-Luc Dubois wins face-off versus Eric Staal in neutral zone.
17:47 of 2nd period - Off-side.
17:48 of 2nd period - Eric Staal wins face-off versus Cal Clutterbuck in neutral zone.
17:55 of 2nd period - Backhand shot by Cal Clutterbuck.
17:55 of 2nd period - Deflect By Pierre-Luc Dubois.
17:55 of 2nd period - Stopped by Frederik Andersen without a rebound.
17:56 of 2nd period - Eric Staal wins face-off versus Pierre-Luc Dubois in Blackhawks zone.
18:49 of 2nd period - Snap shot by Brett Connolly.
18:49 of 2nd period - Stopped by John Gibson with a rebound.
19:43 of 2nd period - Snap shot by Nick Schmaltz.
19:43 of 2nd period - Shot Misses the Net.
19:45 of 2nd period - Slapshot by Alexander Kerfoot.
19:45 of 2nd period - Stopped by Frederik Andersen with a rebound.
19:47 of 2nd period - Snap shot by Nick Schmaltz.
19:47 of 2nd period - Stopped by Frederik Andersen with a rebound.
19:49 of 2nd period - Slapshot by Rasmus Sandin.
19:49 of 2nd period - Stopped by Frederik Andersen with a rebound.
Goals for this period are 0 for Blackhawks vs 4 for Maroons.
Shots for this period are 9 for Blackhawks vs 22 for Maroons.

3rd period


0:01 of 3rd period - Eric Staal wins face-off versus Pierre-Luc Dubois in neutral zone.
0:04 of 3rd period - Snap shot by Andy Greene.
0:04 of 3rd period - Shot Misses the Net.
0:48 of 3rd period - Snap shot by Brett Connolly.
0:48 of 3rd period - Shot Blocked by Rasmus Sandin.
0:50 of 3rd period - Wrist shot by Brett Connolly.
0:50 of 3rd period - Shot Misses the Net.
0:52 of 3rd period - Wrist shot by Yanni Gourde.
0:52 of 3rd period - Stopped by John Gibson without a rebound.
0:53 of 3rd period - Eric Staal wins face-off versus Frederik Gauthier in Maroons zone.
1:04 of 3rd period - Wrist shot by Nick Ritchie.
1:04 of 3rd period - Stopped by Frederik Andersen without a rebound.
1:05 of 3rd period - Pierre-Luc Dubois wins face-off versus Eric Staal in Blackhawks zone.
2:13 of 3rd period - Pontus Aberg is hit by Gavin Bayreuther and loses puck.
2:24 of 3rd period - Slapshot by Tyler Bertuzzi.
2:24 of 3rd period - Deflect By Pontus Aberg.
2:24 of 3rd period - Stopped by John Gibson with a rebound.
2:30 of 3rd period - Penalty Shot by Noah Juulsen for Maroons.
2:30 of 3rd period - Deke by Noah Juulsen.
2:30 of 3rd period - Stopped by Frederik Andersen.
2:31 of 3rd period - Pierre-Luc Dubois wins face-off versus Eric Staal in Maroons zone.
2:34 of 3rd period - Wrist shot by Cam Atkinson.
2:34 of 3rd period - Stopped by John Gibson without a rebound.
2:35 of 3rd period - Pierre-Luc Dubois wins face-off versus Eric Staal in Maroons zone.
2:42 of 3rd period - Snap shot by Pierre-Luc Dubois.
2:42 of 3rd period - Goal by Pierre-Luc Dubois - Blackhawks : 2 - Maroons : 5.
2:43 of 3rd period - Cal Clutterbuck wins face-off versus Eric Staal in neutral zone.
2:47 of 3rd period - Minor Penalty to Cam Atkinson for Interference.
2:48 of 3rd period - Pierre-Luc Dubois wins face-off versus Zach Parise in Blackhawks zone.
2:49 of 3rd period - Snap shot by Cal Clutterbuck.
2:49 of 3rd period - Shot Blocked by Niklas Hjalmarsson.
2:51 of 3rd period - Wrist shot by Bryan Rust.
2:51 of 3rd period - Deflect By Cal Clutterbuck.
2:51 of 3rd period - Stopped by Frederik Andersen without a rebound.
2:52 of 3rd period - Zach Parise wins face-off versus Pierre-Luc Dubois in Blackhawks zone.
4:47 of 3rd period - Penalty to Cam Atkinson is over, Cam Atkinson is back on ice.
5:19 of 3rd period - Brandon Davidson is hit by Andy Andreoff and loses puck.
5:20 of 3rd period - Brandon Davidson from Blackhawks is injured at 5:20 of 3rd period (Right Knee).
5:21 of 3rd period - Cam Atkinson wins face-off versus Pierre-Luc Dubois in Blackhawks zone.
5:21 of 3rd period - Cam Atkinson is hit by Ryan McDonagh.
6:27 of 3rd period - Off-side.
6:28 of 3rd period - Andy Andreoff wins face-off versus Luke Kunin in neutral zone.
6:31 of 3rd period - Wrist shot by Torey Krug.
6:31 of 3rd period - Shot Misses the Net.
7:12 of 3rd period - Icing by Rasmus Sandin.
7:13 of 3rd period - Mikael Backlund wins face-off versus Jay Beagle in Maroons zone.
7:14 of 3rd period - Snap shot by Andrew Shaw.
7:14 of 3rd period - Stopped by John Gibson with a rebound.
7:16 of 3rd period - Snap shot by Niklas Hjalmarsson.
7:16 of 3rd period - Stopped by John Gibson without a rebound.
7:17 of 3rd period - Mikael Backlund wins face-off versus Jay Beagle in Maroons zone.
8:09 of 3rd period - Snap shot by Alexander Kerfoot.
8:09 of 3rd period - Shot Blocked by Alex Steen.
8:11 of 3rd period - Wrist shot by Alexander Kerfoot.
8:11 of 3rd period - Shot Misses the Net.
8:13 of 3rd period - Snap shot by Jay Beagle.
8:13 of 3rd period - Stopped by Frederik Andersen with a rebound.
8:15 of 3rd period - Wrist shot by Nick Schmaltz.
8:15 of 3rd period - Shot Blocked by Derek Forbort.
8:17 of 3rd period - Snap shot by Jay Beagle.
8:17 of 3rd period - Stopped by Frederik Andersen with a rebound.
8:25 of 3rd period - Backhand shot by Nick Schmaltz.
8:25 of 3rd period - Shot Misses the Net.
8:27 of 3rd period - Snap shot by Nick Schmaltz.
8:27 of 3rd period - Stopped by Frederik Andersen without a rebound.
8:28 of 3rd period - Eric Staal wins face-off versus Pierre-Luc Dubois in Blackhawks zone.
9:39 of 3rd period - Snap shot by Cam Atkinson.
9:39 of 3rd period - Stopped by John Gibson with a rebound.
9:41 of 3rd period - Wrist shot by Zach Parise.
9:41 of 3rd period - Shot Blocked by Carl Gunnarsson.
9:55 of 3rd period - Rasmus Sandin is hit by Yanni Gourde and loses puck.
10:37 of 3rd period - Nick Schmaltz is hit by Mikael Backlund and loses puck.
11:24 of 3rd period - Snap shot by Pontus Aberg.
11:24 of 3rd period - Shot Blocked by Gavin Bayreuther.
12:07 of 3rd period - Zach Parise is hit by Esa Lindell and loses puck.
12:22 of 3rd period - Slapshot by Derek Forbort.
12:22 of 3rd period - Shot Misses the Net.
12:24 of 3rd period - Slapshot by Derek Forbort.
12:24 of 3rd period - Shot Blocked by Cal Clutterbuck.
12:26 of 3rd period - Snap shot by Andrew Shaw.
12:26 of 3rd period - Stopped by John Gibson with a rebound.
12:54 of 3rd period - Bryan Rust is hit by Luke Kunin and loses puck.
13:02 of 3rd period - Off-side.
13:03 of 3rd period - Jay Beagle wins face-off versus Vladislav Namestnikov in neutral zone.
13:10 of 3rd period - Jay Beagle is hit by Yanni Gourde and loses puck.
13:19 of 3rd period - Niklas Hjalmarsson is hit by Nick Schmaltz and loses puck.
13:30 of 3rd period - Frederik Gauthier is hit by Niklas Hjalmarsson and loses puck.
13:39 of 3rd period - Nick Ritchie is hit by Cam Atkinson and loses puck.
13:57 of 3rd period - Snap shot by Nick Ritchie.
13:57 of 3rd period - Shot Misses the Net.
15:00 of 3rd period - Cam Atkinson is hit by Pierre-Luc Dubois.
15:05 of 3rd period - Minor Penalty to Cal Clutterbuck for Holding.
15:06 of 3rd period - Pierre-Luc Dubois wins face-off versus Eric Staal in Maroons zone.
15:37 of 3rd period - Alexander Kerfoot is hit by Andrew Shaw and loses puck.
16:20 of 3rd period - Andrew Shaw is hit by Nick Schmaltz and loses puck.
17:05 of 3rd period - Penalty to Cal Clutterbuck is over, Cal Clutterbuck is back on ice.
17:05 of 3rd period - Andrew Shaw is hit by Cal Clutterbuck and loses puck.
17:26 of 3rd period - Esa Lindell is hit by Andrew Shaw and loses puck.
17:51 of 3rd period - Snap shot by Cal Clutterbuck.
17:51 of 3rd period - Shot Misses the Net.
17:57 of 3rd period - Slapshot by Torey Krug.
17:57 of 3rd period - Stopped by Frederik Andersen with a rebound.
18:07 of 3rd period - Snap shot by Bryan Rust.
18:07 of 3rd period - Stopped by Frederik Andersen without a rebound.
18:08 of 3rd period - Jay Beagle wins face-off versus Eric Staal in Blackhawks zone.
18:13 of 3rd period - Snap shot by Nick Schmaltz.
18:13 of 3rd period - Shot Misses the Net.
18:36 of 3rd period - Snap shot by Nick Ritchie.
18:36 of 3rd period - Stopped by Frederik Andersen without a rebound.
18:37 of 3rd period - Vladislav Namestnikov wins face-off versus Frederik Gauthier in Blackhawks zone.
18:42 of 3rd period - Yanni Gourde is hit by Esa Lindell and loses puck.
18:55 of 3rd period - Brett Connolly is hit by Frederik Gauthier and loses puck.
19:28 of 3rd period - Ryan McDonagh is hit by Brett Connolly and loses puck.
19:37 of 3rd period - Snap shot by Brett Connolly.
19:37 of 3rd period - Stopped by John Gibson with a rebound.
19:39 of 3rd period - Slapshot by Brett Connolly.
19:39 of 3rd period - Shot Blocked by Ryan McDonagh.
19:41 of 3rd period - Slapshot by Yanni Gourde.
19:41 of 3rd period - Shot Misses the Net.
19:43 of 3rd period - Wrist shot by Vladislav Namestnikov.
19:43 of 3rd period - Stopped by John Gibson with a rebound.
19:45 of 3rd period - Snap shot by Yanni Gourde.
19:45 of 3rd period - Deflect By Brett Connolly.
19:45 of 3rd period - Stopped by John Gibson with a rebound.
19:47 of 3rd period - Slapshot by Markus Nutivaara.
19:47 of 3rd period - Stopped by John Gibson without a rebound.
19:48 of 3rd period - Jay Beagle wins face-off versus Zach Parise in Maroons zone.
19:48 of 3rd period - Jay Beagle is hit by Cam Atkinson.
Goals for this period are 0 for Blackhawks vs 1 for Maroons.
Shots for this period are 11 for Blackhawks vs 9 for Maroons.